 Dungeon Crawl Stone Soup version 0.30-a0-739-gea05faddec (webtiles) character file.

Game seed: 5360742145050152167

369 Sickboy the Slasher (level 6, -3/47 HPs)
             Began as a Demonspawn Monk on Feb 4, 2023.
             Splashed by a jelly's acid (4 damage)
             ... on level 3 of the Dungeon.
             The game lasted 00:06:09 (2375 turns).

Sickboy the Slasher (Demonspawn Monk)               Turns: 2375, Time: 00:06:10

Health: -3/47      AC: -9    Str: 12    XL:     6   Next: 41%
Magic:  6/6        EV: 13    Int: 11    God:
Gold:   145        SH:  4    Dex: 17    Spells: 5/5 levels left

rFire   . . .      SeeInvis .    i - +4 short sword
rCold   . . .      Faith    .    (no shield)
rNeg    . . .      Spirit   .    b - +0 robe
rPois   .          Reflect  .    (no helmet)
rElec   .          Harm     .    n - +0 cloak
rCorr   .          Rampage  .    (no gloves)
Will    .....                    (no boots)
Stlth   ++                       (no amulet)
HPRegen 0.27/turn                (no ring)
MPRegen 0.10/turn                (no ring)

@: corroded
A: claws 2, powered by pain 1, condensation shield
a: no special abilities


You were on level 3 of the Dungeon.
You visited 1 branch of the dungeon, and saw 3 of its levels.

You collected 145 gold pieces.

Inventory:

Hand Weapons
 a - a +0 falchion
 i - a +4 short sword (weapon)
Missiles
 u - 2 boomerangs of dispersal (quivered)
Armour
 b - a +0 robe (worn)
 n - a +0 cloak (worn)
Jewellery
 s - a +6 ring of strength
Scrolls
 d - 2 scrolls of fear {unknown}
 e - 2 scrolls of immolation {unknown}
 f - 3 scrolls of identify {unknown}
 j - a scroll of magic mapping {unknown}
 k - 2 scrolls of teleportation {unknown}
 o - 2 scrolls of poison {unknown}
 r - a scroll of fog {unknown}
 t - 3 scrolls of amnesia {unknown}
Potions
 c - a potion of ambrosia
 g - a potion of brilliance {unknown}
 h - a potion of cancellation {unknown}
 l - 3 potions of might {unknown}
 m - a potion of resistance {unknown}
 p - a potion of berserk rage {unknown}
 q - a potion of heal wounds {unknown}


   Skills:
 - Level 3.0 Fighting
 * Level 6.7 Long Blades
 - Level 2.6 Dodging
 - Level 1.7 Stealth


You had 5 spell levels left.
You didn't know any spells.
Your spell library contained the following spells:

 Spells                   Type           Power      Damage    Failure   Level
 Summon Small Mammal      Summ           0%         N/A       34%         1
 Call Canine Familiar     Summ           0%         N/A       71%         3
 Portal Projectile        Hex/Tloc       0%         N/A       71%         3
 Summon Guardian Golem    Hex/Summ       0%         N/A       71%         3
 Tukima's Dance           Hex            0%         N/A       71%         3
 Manifold Assault         Tloc           0%         N/A       98%         4
 Blade Hands              Tmut           0%         N/A       100%        5
 Dispersal                Tloc           0%         N/A       100%        6
 Disjunction              Tloc           0%         N/A       100%        8


Dungeon Overview and Level Annotations

Branches:
Dungeon (3/15)

Altars:
Ashenzari

Shops:
D:1 *[[[


Innate Abilities, Weirdness & Mutations

You have very sharp fingernails.
You sometimes gain a little power by taking damage.
A meltable shield of frost defends you. (SH +4)


Message History

Found an escape hatch in the ceiling.
Found a club.
A jelly comes into view.
A rat comes into view.
The rat barely misses you.
You puncture the rat!
You kill the rat!
No target in view!
A frilled lizard comes into view.
The jelly closely misses you.
The frilled lizard unfolds its giant frill.
You puncture the jelly! The acid corrodes you!
Your claws burn!
The jelly is heavily wounded.
The jelly hits you.
You are splashed with acid!
You completely miss the jelly.
The jelly is heavily wounded.
You hit the jelly.
Your claws burn!
The jelly is severely wounded.
The jelly closely misses you.
You hit the jelly but do no damage. The acid corrodes you!
Your claws burn!
The jelly is severely wounded.
The jelly hits you.
You are splashed with acid!
You are too injured to fight recklessly!
You are too injured to fight recklessly!
You hit the jelly.
Your claws burn!
The jelly is severely wounded.
The jelly hits you.
You are splashed with acid.
* * * LOW HITPOINT WARNING * * *
The frilled lizard bites you.
* * * LOW HITPOINT WARNING * * *
You hit the jelly.
Your claws burn!
* * * LOW HITPOINT WARNING * * *
The jelly is almost dead.
The jelly closely misses you. The frilled lizard bites you.
* * * LOW HITPOINT WARNING * * *
You hit the jelly.
Your claws burn!
* * * LOW HITPOINT WARNING * * *
The jelly is almost dead.
You hit the jelly but do no damage. The acid corrodes you!
Your claws burn!
You die...

.##.........#
.######.###.##.#
.#...##.# #.##.#
.#.#.##.###.##.#
.#.#.....##.##.#
.#.####..#.....#########
...# #..#.....)........
...# #..#..............
..)# #..#......@J......
...######........l......
.........[..............
.....###.#####..........
.....###.## #..........
.....#....# #..........
..........# #..........
.>##......# ###########
...)......#


You could see a jelly and a frilled lizard.

Vanquished Creatures
  Sigmund (D:2)
  A hound (D:2)
  Jessica (D:2)
  Terence (D:2)
  4 gnolls
  4 adders (D:3)
  2 worms
  A dart slug (D:2)
  9 bats
  4 endoplasms
  3 giant cockroaches (D:1)
  3 goblins
  6 hobgoblins
  A quokka (D:2)
  4 ball pythons
  A frilled lizard (D:1)
  6 kobolds
  5 rats
57 creatures vanquished.

Notes
Turn   | Place    | Note
-------+----------+-------------------------------------------
     0 | D:1      | Sickboy the Demonspawn Monk began the quest for the Orb.
     0 | D:1      | Reached XP level 1. HP: 18/18 MP: 1/1
    18 | D:1      | Found Obileluc's Armour Emporium.
    81 | D:1      | Found Caympeesh's Armour Emporium.
   128 | D:1      | Reached skill level 3 in Long Blades
   188 | D:1      | Gained mutation: You have sharp fingernails. [demonic
                  | ancestry]
   188 | D:1      | Reached XP level 2. HP: 23/24 MP: 2/2
   257 | D:1      | Found Diggot's Armour Boutique.
   332 | D:1      | Found Immasit's General Store.
   664 | D:2      | Noticed Jessica
   676 | D:2      | Killed Jessica
   677 | D:2      | Reached skill level 4 in Long Blades
   677 | D:2      | Gained mutation: You sometimes gain a little power by
                  | taking damage. [demonic ancestry]
   677 | D:2      | Reached XP level 3. HP: 21/29 MP: 3/3
   772 | D:2      | Noticed Terence
   774 | D:2      | Gained mutation: A meltable shield of frost defends you.
                  | (SH +4) [demonic ancestry]
   774 | D:2      | Reached XP level 4. HP: 18/35 MP: 4/4
   850 | D:2      | Killed Terence
   970 | D:2      | Noticed Sigmund
  1260 | D:2      | Reached skill level 5 in Long Blades
  1460 | D:2      | Killed Sigmund
  1461 | D:2      | Reached skill level 6 in Long Blades
  1461 | D:2      | Reached XP level 5. HP: 31/41 MP: 5/5
  1461 | D:2      | Gained mutation: You have very sharp fingernails. [demonic
                  | ancestry]
  1461 | D:2      | Reached XP level 6. HP: 35/47 MP: 6/6
  1685 | D:3      | Found a broken altar of Ashenzari.
  2374 | D:3      | HP: 1/47 [acid (5)]
  2375 | D:3      | Splashed by a jelly's acid

Illustrated notes

Levels and vault maps discovered:
D:1:      lemuel_arrival_funnel, layout_basic, serial_shops,
          nicolae_shop_hallway_plus, shop, shop, nicolae_shop_waterfront,
          chequers_serial_rivers_small_b
D:2:      layout_loops_ring, basic_altar, minmay_circle_x, uniq_terence,
          uniq_sigmund, uniq_jessica
D:3:      layout_basic, evilmike_ruin_ashenzari, kennysheep_generic_room_12,
          uniq_grinder

Skill      XL: |  1  2  3  4 |
---------------+-------------+-----
Long Blades    | 3 4 6 |  6.7
Fighting       | |  3.0
Dodging        | |  2.6
Stealth        | |  1.7

Action                     |  1- 3 |  4- 6 || total
---------------------------+-------+-------++-------
  Melee: Falchion          |    41 |       ||    41
         Punch             |     1 |     1 ||     2
         Short sword       |    15 |   146 ||   161
   Stab: Sleeping          |     6 |     6 ||    12
 Armour: Robe              |    12 |    17 ||    29
  Dodge: Dodged            |    40 |    70 ||   110
  Block: Other             |       |    19 ||    19

Table legend: (Time is in decaauts)
 A = Elapsed time spent in this place.
 B = Non-inter-level travel time spent in this place.
 C = Inter-level travel time spent in this place.
 D = Time resting spent in this place.
 E = Time spent auto-exploring this place.
 F = Levels seen in this place.
 G = Mean time per level.
                   A        B        C        D        E       F      G
               +--------+--------+--------+--------+--------+-----+--------+
         Total |   2357 |   2301 |     56 |     45 |   1645 |   3 |  785.7 |
       Dungeon |   2357 |   2301 |     56 |     45 |   1645 |   3 |  785.7 |
               +--------+--------+--------+--------+--------+-----+--------+

Top non-repeatable levels by time:
     D:2: 1057 daAuts
     D:1: 701 daAuts
     D:3: 598 daAuts
